 Dungeon Crawl Stone Soup version 0.31.0-12-g77e489cdc1 (webtiles) character file.

Game seed: 1314272105815025007

1773 spaghetti the Fighter (level 9, -1/77 (90) HPs)
             Began as a Naga Chaos Knight on Mar 1, 2024.
             Was a Plaything of Xom.
             Slain by a gnoll sergeant
             ... wielding a +5 trident of protection
              (6 damage)
             ... on level 7 of the Dungeon.
             The game lasted 00:08:32 (6283 turns).

spaghetti the Fighter (Naga Chaos Knight)           Turns: 6283, Time: 00:08:32

HP:   -1/77 (90)    AC:  9    Str: 17    XL:     9   Next: 7%
MP:   9/9           EV:  9    Int: 10    God:    Xom [*.....]
Gold: 323           SH:  0    Dex: 15    Spells: 8/8 levels left

rFire   + .          .
                       - Unarmed
rCold   + . .        (no shield)
rNeg    . . .        c - +2 robe {rF+}
rPois   +            (helmet restricted)
rElec   .            (no cloak)
rCorr   .            d - +2 pair of gloves {hurl}
SInv    +            (no barding)
Will    ++...        p - amulet of faith
Stlth   +            (no ring)
HPRegen 0.32/turn    (no ring)
MPRegen 0.11/turn

%: faith
@: heavily drained, very slow
A: AC +3, large, see invisible, deformed body, poison resistance, slowness 2,
spit poison 1, naga tail 1, horns 1, agile 1, cold resistance 1, dopey 1,
strong-willed 1, inability to drink after injury 1, sturdy frame 1
a: Spit Poison, Renounce Religion


You were on level 7 of the Dungeon.
You worshipped Xom.
You were a special plaything of Xom.
You visited 1 branch of the dungeon, and saw 7 of its levels.

You collected 323 gold pieces.

Inventory:

Hand Weapons
 i - a +0 spear
Missiles
 h - a curare-tipped dart
 k - 25 stones
 o - 9 poisoned darts
Armour
 c - a +2 robe of fire resistance (worn)
 d - a +2 pair of gloves of hurling (worn)
Jewellery
 p - an amulet of faith (around neck)
Scrolls
 a - 2 scrolls of identify
 b - a scroll of butterflies
 f - a scroll of vulnerability
 j - a scroll of revelation
Potions
 e - a potion of haste
 g - 3 potions of enlightenment
 l - 2 potions of heal wounds
 n - 2 potions of curing


   Skills:
 + Level 8.9 Fighting
 + Level 6.9 Throwing
 - Level 1.5 Armour
 - Level 0.7 Dodging
 - Level 3.0 Unarmed Combat


You had 8 spell levels left.
You didn't know any spells.
Your spell library contained the following spells:

 Spells                   Type           Power      Damage    Failure   Level
 Shock                    Conj/Air       0%         1d3       36%         1
 Ensorcelled Hibernation  Hex/Ice        0%         N/A       50%         2
 Passwall                 Erth           0%         N/A       75%         3
 Swiftness                Air            0%         N/A       75%         3
 Airstrike                Air            0%         2d(0-16)  98%         4


Dungeon Overview and Level Annotations

Branches:
Dungeon (7/15)             Temple (0/1) D:4

Altars:
Dithmenos
Fedhas
Gozag
Nemelex Xobeh
Trog
Xom
Yredelemnul
Zin
The Shining One

Shops:
D:7 *


Innate Abilities, Weirdness & Mutations

Your serpentine skin is tough. (AC +3)
You have supernaturally acute eyesight. (SInv)
Armour fits poorly on your strangely shaped body.
Your system is resistant to poisons. (rPois)
You cover ground very slowly.
You can spit poison.
You have a snake-like lower body.
You have a pair of small horns on your head.
You are agile. (Dex +4, Str/Int -1)
Your flesh is cold resistant. (rC+)
You are dopey. (Int -2)
You are strong-willed. (Will+)
You occasionally lose the ability to drink potions when taking damage.
Your movements are slightly less encumbered by armour. (ER -2)


Message History

You hit the gnoll but do no damage.
The gnoll is severely wounded.
The gnoll hits you with a +4 flail of holy wrath!
The gnoll barely misses you. The gnoll hits you with a +0 halberd.
The gnoll hits you from afar with a +0 spear.
The gnoll sergeant barely misses you.
You punch the gnoll!
You kill the gnoll!
The gnoll barely misses you. The gnoll completely misses you.
The gnoll closely misses you.
The gnoll sergeant hits you but does no damage.
Unknown command.
The gnoll attacks as it pursues you!
The gnoll hits you with a +4 flail of holy wrath!
The gnoll hits you from afar with a +0 halberd.
* * * LOW HITPOINT WARNING * * *
The gnoll sergeant barely misses you.
The gnoll sergeant hits you from afar with a +5 trident of protection.
* * * LOW HITPOINT WARNING * * *
The gnoll barely misses you. x2
You see here a +0 club.
Unknown command.
Throw: 2 darts (curare)
Press: ? - help, Shift-Dir - straight line, f - gnoll sergeant
Aim: a gnoll sergeant, wielding a +5 trident of protection, wearing a +0 scale mail and wearing a +0 buckler (74% to hit)
You throw a curare-tipped dart.
The curare-tipped dart hits the gnoll sergeant.
The gnoll sergeant is poisoned.
The gnoll sergeant struggles to breathe.
The gnoll sergeant seems to slow down.
The gnoll sergeant is moderately wounded.
Unknown command.
Unknown command.
Unknown command.
The gnoll hits you from afar with a +0 halberd!
* * * LOW HITPOINT WARNING * * *
The gnoll sergeant attacks as it pursues you!
The gnoll sergeant hits you from afar with a +5 trident of protection.
You die...
Xom is highly amused!

#........#
#........#
#........#
#........#
.##........#
...........#
..##########
....######
.......@.#
.......#.#
##.###g#g#
#F#(#
#....g.g#
....#.#.#.#
.# #.#.#.#
#.#.# # #.#


You could see a gnoll sergeant (very poisoned, slow), a bullfrog and 2 gnolls.

Vanquished Creatures
  Grinder (D:3)
  A fire bat (shapeshifter) (D:5)
  A water moccasin (D:4)
  An orc warrior (D:6)
  An ice beast (D:5)
  An ogre (D:6)
  A black bear (D:5)
  A centaur (D:6)
  A kobold brigand (D:6)
  4 scorpions
  A hound (D:6)
  3 jellies
  An orc priest (D:5)
  2 iguanas
  Jessica (D:3)
  Terence (D:3)
  An orc wizard (D:3)
  5 gnolls
  11 adders
  A white imp (D:5)
  2 ufetubi (D:6)
  2 ribbon worms (D:2)
  A dart slug (D:2)
  7 orcs
  An orc (shapeshifter) (D:4)
  6 bats
  4 endoplasms (D:1)
  7 giant cockroaches
  4 goblins
  8 hobgoblins
  7 jackals
  2 quokkas
  4 ball pythons
  6 frilled lizards
  11 kobolds
  13 rats
125 creatures vanquished.

Vanquished Creatures (collateral kills)
  A gnoll bouda (D:3)
  A shadow imp (D:6)
  A bat (D:3)
  A giant cockroach (D:3)
4 creatures vanquished.

Grand Total: 129 creatures vanquished

Notes
Turn   | Place    | Note
-------+----------+-------------------------------------------
     0 | D:1      | spaghetti the Naga Chaos Knight began the quest for the
                  | Orb.
     0 | D:1      | Reached XP level 1. HP: 21/21 MP: 1/1
     7 | D:1      | XOM: divination: detect creatures
    37 | D:1      | Reached XP level 2. HP: 27/28 MP: 2/2
    73 | D:1      | XOM: fog
   165 | D:1      | Reached skill level 4 in Fighting
   165 | D:1      | Reached XP level 3. HP: 5/36 MP: 3/3
   364 | D:1      | XOM is BORED!
   537 | D:1      | XOM: smoke on damage
   677 | D:1      | XOM: give mutations
   677 | D:1      | Gained mutation: Your mind is acute. (Int +4, Str/Dex -1)
                  | [Xom's grace]
   677 | D:1      | Gained mutation: You are agile. (Dex +4, Str/Int -1) [Xom's
                  | grace]
   677 | D:1      | Gained mutation: You have a pair of small horns on your
                  | head. [Xom's grace]
   677 | D:1      | Gained mutation: You have a pair of horns on your head.
                  | [Xom's grace]
   837 | D:2      | XOM: stealth player
   915 | D:2      | Found a glowing silver altar of Zin.
   918 | D:2      | XOM: god gift: staff of air
   920 | D:2      | XOM: polymorph giant cockroach -> rat
   992 | D:2      | Reached skill level 1 in Throwing
   992 | D:2      | Reached XP level 4. HP: 45/45 MP: 4/4
  1245 | D:2      | XOM: summons 2 hostile shadow creatures
  1448 | D:2      | Found a faded altar of an unknown god.
  1669 | D:3      | Noticed Jessica
  1674 | D:3      | Killed Jessica
  1675 | D:3      | Reached XP level 5. HP: 37/51 MP: 5/5
  1745 | D:3      | Noticed Terence
  1760 | D:3      | Killed Terence
  1761 | D:3      | Reached skill level 5 in Fighting
  1815 | D:3      | XOM: fake destruction
  1849 | D:3      | Noticed Grinder
  1855 | D:3      | Paralysed by Grinder for 2 turns
  1867 | D:3      | Paralysed by Grinder for 4 turns
  1875 | D:3      | XOM: fog
  1904 | D:3      | Paralysed by Grinder for 5 turns
  1913 | D:3      | Killed Grinder
  1914 | D:3      | Reached skill level 6 in Fighting
  1914 | D:3      | Reached XP level 6. HP: 31/62 MP: 6/6
  2097 | D:3      | XOM: summons friendly orange demon
  2108 | D:3      | Reached XP level 7. HP: 60/69 MP: 7/7
  2341 | D:3      | Found a sparkling altar of Nemelex Xobeh.
  2601 | D:4      | XOM: fog
  2731 | D:4      | Found a staircase to the Ecumenical Temple.
  2758 | D:4      | Lost mutation: Your mind is acute. (Int +4, Str/Dex -1)
                  | [potion of mutation]
  2758 | D:4      | Lost mutation: You have a pair of horns on your head.
                  | [potion of mutation]
  2758 | D:4      | Lost mutation: You are agile. (Dex +4, Str/Int -1) [potion
                  | of mutation]
  2758 | D:4      | Gained mutation: You are dopey. (Int -2) [potion of
                  | mutation]
  2758 | D:4      | Gained mutation: You occasionally lose the ability to drink
                  | potions when taking damage. [potion of mutation]
  2760 | D:4      | XOM: cleaving
  2764 | D:4      | an adder changed into a glowing shapeshifter
  2764 | D:4      | Noticed a glowing shapeshifter (glowing shapeshifter)
  2764 | D:4      | XOM: polymorph adder -> glowing shapeshifter
  2764 | D:4      | a glowing shapeshifter changed into an orc
  2776 | D:4      | Xom revived you
  2933 | D:4      | XOM: 1-stop teleportation journey
  2978 | D:4      | Found a basalt altar of Yredelemnul.
  3031 | D:4      | XOM: 6-stop teleportation journey
  3179 | D:4      | Found an opulent altar of Gozag.
  3180 | D:4      | Found a glowing golden altar of the Shining One.
  3215 | D:4      | XOM: fog
  3310 | D:5      | Entered Level 5 of the Dungeon
  3323 | D:5      | Reached skill level 7 in Fighting
  3417 | D:5      | XOM: scenery: create altars
  3418 | D:5      | XOM: fog
  3439 | D:5      | XOM: summons 4 friendly demons
  3718 | D:5      | XOM: polymorph centaur -> bat
  3777 | D:5      | XOM: cleaving
  3783 | D:5      | Reached skill level 5 in Throwing
  3783 | D:5      | Reached XP level 8. HP: 68/80 MP: 8/8
  4097 | D:5      | XOM: give mutations
  4097 | D:5      | Gained mutation: Your movements are slightly less
                  | encumbered by armour. (ER -2) [Xom's grace]
  4097 | D:5      | Gained mutation: You are agile. (Dex +4, Str/Int -1) [Xom's
                  | grace]
  4097 | D:5      | Gained mutation: Your flesh is cold resistant. (rC+) [Xom's
                  | grace]
  4196 | D:5      | XOM: 7-stop teleportation journey
  4271 | D:5      | XOM: god gift: potion of curing
  4375 | D:5      | a scorpion changed into a shapeshifter
  4375 | D:5      | Noticed a shapeshifter (shapeshifter)
  4375 | D:5      | XOM: polymorph scorpion -> shapeshifter
  4375 | D:5      | a shapeshifter changed into a fire bat
  4542 | D:6      | XOM: scenery: 1 doors open
  4543 | D:6      | XOM: summons friendly quasit
  4559 | D:6      | Reached skill level 8 in Fighting
  5162 | D:6      | XOM: give mutation
  5162 | D:6      | Gained mutation: You are strong-willed. (Will+) [Xom's
                  | grace]
  5475 | D:6      | XOM: 3-stop teleportation journey
  5565 | D:6      | Found a shadowy altar of Dithmenos.
  5568 | D:6      | Found a bloodstained altar of Trog.
  5569 | D:6      | Found a blossoming altar of Fedhas.
  5574 | D:6      | Found a shimmering altar of Xom.
  5582 | D:6      | XOM: swap monsters
  5819 | D:6      | Reached XP level 9. HP: 83/90 MP: 9/9
  6088 | D:7      | XOM: stealth player
  6091 | D:7      | Found Usuorghurph's General Store.
  6217 | D:6      | XOM: draining
  6270 | D:6      | XOM: summons 2 hostile shadow creatures
  6274 | D:7      | XOM: 2-stop teleportation journey
  6283 | D:7      | Slain by a gnoll sergeant

Illustrated notes

Levels and vault maps discovered:
D:1:      minmay_arrival_checkered_box, layout_loops_ring
D:2:      layout_basic, dreamdust_ecumenical_altar_grove, basic_altar
D:3:      layout_basic, nemelex_spade_bored_becter, uniq_jessica, uniq_grinder,
          uniq_terence
D:4:      layout_rooms, mainiacjoe_overflow_tiny_flanked,
          gammafunk_temple_overflow_pools, minmay_temple_entry_offerings
D:5:      layout_loops_ring
D:6:      layout_loops_corners, grunt_temple_overflow_open,
          dreamdust_princess_corridor
D:7:      layout_basic, serial_shops, nicolae_shop_trees

Skill      XL: |  1  2  3  4  5  6  7  8 |
---------------+-------------------------+-----
Fighting       | 4 6 7 8 |  8.9
Throwing       | 1 3 5 6 |  6.9
Armour         | |  1.5
Dodging        | |  0.7
Unarmed Combat | |  3.0

Action                     |  1- 3 |  4- 6 |  7- 9 || total
---------------------------+-------+-------+-------++-------
  Melee: Unarmed           |    83 |   136 |   283 ||   502
         Headbutt          |     5 |    24 |    65 ||    94
         Punch             |     1 |     5 |     1 ||     7
  Throw: Stone             |       |       |     5 ||     5
         Dart              |       |       |     4 ||     4
Ability: Spit Poison       |    26 |    24 |     4 ||    54
    Use: Scroll            |       |     6 |     6 ||    12
         Potion            |       |     3 |     4 ||     7
   Stab: Sleeping          |       |       |     2 ||     2
         Distracted        |       |       |     1 ||     1
 Armour: Leather armour    |    51 |    42 |       ||    93
         Robe              |       |    55 |   298 ||   353
         Skin              |       |       |     4 ||     4
  Dodge: Dodged            |    28 |    52 |   165 ||   245
